Map: Ascension to Aiur LE

Players

Yata - Winner!

  • Race: Zerg Zerg
  • League: Bronze
  • Spawn Location: 5:00

A.I. 1 (Medium)

  • Race: Protoss Protoss
  • Spawn Location: 11:00

VOD

Have the link to the VOD?

Description

Time

  • Played on: July 9, 2017, 4:13 p.m.
  • Length: 12:58
Show
View Real Time Build Order
Export as new Build Order

Yata Zerg - Winner!

Build Orders: Hatch First 

Get SALT Encoding   

  12  0:03  Drone  
  13  0:12  Overlord  
  13  0:19  Drone  
  14  0:31  Drone  
  14  0:32  Drone  
  16  0:36  Drone  
  17  0:53  Hatchery  
  17  0:57  Drone  
  17  1:03  Drone  
  18  1:05  Extractor  
  17  1:18  Spawning Pool  
  16  1:22  Drone  
  17  1:28  Drone  
  17  1:31  Drone  
  19  1:40  Overlord  
  19  1:53  Drone  
  20  2:02  Drone  
  20  2:05  Queen  
  20  2:06  Queen  
  25  2:16  Zergling x2  
  25  2:17  Zergling x2  
  25  2:19  Drone  
  25  2:22  Metabolic Boost  
  28  2:27  Drone  
  29  2:32  Drone  
  30  2:38  Drone, Baneling Nest  
  30  2:42  Overlord  
  30  3:04  Overlord x2  
  30  3:13  Drone x4  
  30  3:14  Drone  
  30  3:15  Drone  
  34  3:30  Zergling x2  
  34  3:31  Zergling x8  
  39  3:40  Lair  
  39  3:59  Drone  
  39  4:00  Drone x5  
  40  4:33  Zergling x4, Extractor  
  40  4:34  Zergling x10  
  46  4:43  Pneumatized Carapace, Hydralisk Den  
  45  5:02  Hatchery  
  44  5:09  Centrifical Hooks  
  41  5:33  Baneling x2  
  41  5:36  Zergling x2  
  41  5:37  Zergling x12  
  41  5:38  Zergling x4  
  50  5:48  Overlord x3  
  50  6:02  Queen  
  41  6:30  Hydralisk x4  
  47  6:50  Extractor  
  47  6:53  Extractor  
  45  6:56  Zergling x6  
  45  6:57  Zergling x28  
  62  7:26  Hydralisk x7  
  76  7:30  Overlord x2  
  76  7:41  Evolution Chamber  
  75  8:03  Drone x6  
  75  8:04  Drone  
  82  8:10  Zerg Melee Weapons Level 1  
  82  8:19  Baneling x7  
  82  8:20  Baneling x7  
  82  8:21  Baneling x3  
  82  8:45  Hatchery  
  64  9:15  Drone x6  
  64  9:16  Drone x3  
  73  9:30  Drone x2  
  73  9:31  Drone x7  
  79  9:32  Drone x3  
  81  9:40  Zergling x20  
  81  9:41  Zergling x2  
  80  10:10  Hydralisk  
  80  10:11  Hydralisk x6  
  91  10:25  Hydralisk x8  
  103  10:36  Overlord  
  103  10:37  Overlord x3  
  103  10:55  Hydralisk  
  103  10:56  Hydralisk x5  
  110  11:22  Hydralisk  
  110  11:23  Hydralisk x9  
  129  11:27  Drone x2  
  131  11:34  Zergling x2  
  131  11:35  Zergling x8  
  122  12:31  Hydralisk  
  122  12:32  Hydralisk x6  
Show
View Real Time Build Order
Export as new Build Order

A.I. 1 (Medium) Protoss 

Build Orders: 1 Gate Expand 

Get SALT Encoding   

  12  0:01  Probe (Chrono Boost)  
  13  0:11  Probe (Chrono Boost)  
  14  0:19  Pylon  
  14  0:22  Probe (Chrono Boost)  
  15  0:38  Probe (Chrono Boost)  
  16  0:48  Probe (Chrono Boost)  
  17  0:51  Gateway  
  17  1:08  Nexus  
  17  1:11  Probe (Chrono Boost)  
  18  1:29  Pylon  
  18  1:30  Assimilator  
  18  1:36  Zealot  
  20  1:40  Cybernetics Core  
  20  1:42  Probe (Chrono Boost)  
  22  1:54  Probe (Chrono Boost)  
  22  2:06  Gateway  
  22  2:07  Probe (Chrono Boost)  
  23  2:13  Assimilator  
  23  2:15  Stalker  
  26  2:23  Pylon, Probe (Chrono Boost)  
  26  2:34  Probe (Chrono Boost)  
  27  2:40  Probe (Chrono Boost)  
  27  2:41  Warp Gate  
  28  2:44  Stalker  
  30  2:56  Stalker  
  30  2:57  Assimilator  
  32  3:15  Assimilator, Stalker  
  34  3:20  Probe (Chrono Boost)  
  34  3:24  Probe (Chrono Boost)  
  36  3:32  Probe (Chrono Boost)  
  36  3:33  Sentry  
  37  3:35  Probe (Chrono Boost)  
  40  3:43  Probe (Chrono Boost)  
  40  3:47  Probe (Chrono Boost)  
  42  3:50  Adept  
  42  3:55  Probe (Chrono Boost)  
  45  3:59  Probe (Chrono Boost)  
  46  4:05  Pylon  
  46  4:07  Probe (Chrono Boost)  
  46  4:09  Zealot  
  47  4:12  Probe (Chrono Boost)  
  50  4:18  Probe (Chrono Boost)  
  50  4:23  Probe (Chrono Boost)  
  52  4:27  Zealot  
  52  4:30  Probe (Chrono Boost)  
  53  4:34  Probe (Chrono Boost)  
  53  4:36  Pylon  
  54  4:41  Probe (Chrono Boost)  
  56  4:46  Stalker, Probe (Chrono Boost)  
  56  4:52  Probe (Chrono Boost)  
  59  4:57  Probe (Chrono Boost)  
  60  5:04  Pylon, Stalker, Probe (Chrono Boost)  
  63  5:08  Probe (Chrono Boost)  
  64  5:15  Probe (Chrono Boost)  
  64  5:19  Probe (Chrono Boost)  
  66  5:22  Stalker  
  66  5:26  Probe (Chrono Boost)  
  69  5:30  Pylon, Probe (Chrono Boost)  
  70  5:37  Probe (Chrono Boost)  
  70  5:39  Stalker  
  73  5:45  Forge  
  73  5:48  Probe (Chrono Boost)  
  73  5:49  Robotics Facility  
  74  5:55  Pylon, Probe (Chrono Boost)  
  75  5:57  Stalker  
  75  5:59  Probe (Chrono Boost)  
  78  6:06  Probe (Chrono Boost)  
  78  6:10  Probe (Chrono Boost)  
  80  6:15  Sentry  
  80  6:17  Probe (Chrono Boost)  
  80  6:18  Pylon  
  83  6:19  Pylon  
  83  6:23  Pylon  
  83  6:30  Stargate  
  82  6:33  Adept, Twilight Council  
  82  6:34  Observer  
  82  6:35  Photon Cannon  
  82  6:36  Gateway  
  82  6:38  Photon Cannon  
  85  6:43  Forge  
  85  6:48  Photon Cannon  
  85  6:53  Observer, Photon Cannon  
  85  8:47  Zealot  
  55  9:05  Sentry  
  55  9:11  Void Ray  
  52  9:17  Immortal  
  50  9:27  Probe (Chrono Boost)  
  50  9:28  Zealot  
  50  9:30  Protoss Ground Weapons Level 1  
  50  9:31  Protoss Ground Armor Level 1  
  41  9:36  Adept  
  41  9:38  Pylon  
  43  9:39  Probe (Chrono Boost)  
  43  9:44  Stalker  
  42  9:51  Probe (Chrono Boost)  
  40  9:53  Void Ray  
  40  9:55  Warp Prism  
  40  10:00  Stalker  
  40  10:03  Probe (Chrono Boost)  
  43  10:08  Sentry  
  43  10:10  Nexus  
  46  10:14  Probe (Chrono Boost)  
  46  10:16  Stalker  
  46  10:17  Robotics Facility  
  48  10:22  Nexus  
  48  10:24  Stalker  
  48  10:26  Probe (Chrono Boost)  
  43  10:31  Observer, Dark Shrine  
  43  10:32  Sentry  
  42  10:38  Probe (Chrono Boost)  
  42  10:40  Adept  
  42  10:48  Adept  
  42  10:49  Probe (Chrono Boost)  
  45  10:51  Warp Prism  
  45  10:56  Adept  
  48  10:58  Nexus  
  48  11:00  Probe (Chrono Boost)  
  49  11:04  Adept  
  48  11:12  Zealot, Probe (Chrono Boost)  
  44  11:20  Stalker  
  44  11:27  Zealot  
  35  11:35  Sentry  
  35  11:37  Probe (Chrono Boost)  
  27  11:40  Probe (Chrono Boost)  
  27  11:43  Stalker  
  25  11:48  Probe (Chrono Boost)  
  25  11:51  Adept  
  24  11:59  Adept, Probe (Chrono Boost)  
  24  12:07  Adept  
  26  12:12  Pylon  
  26  12:15  Adept  
  28  12:23  Adept  
  28  12:25  Pylon  
  21  12:43  Probe (Chrono Boost)  
Tags
 
Add a new tag
Caveats
  • Supply blocks, unpowered buildings, or Contaminate may cause inaccurate times.
  • Supply counts are checked every 10 seconds.